 Dungeon Crawl Stone Soup version 0.29-a0-323-g050149af67 (webtiles) character file.

Game seed: 813969405443004884

14205 Dabor the Covert (level 12, -2/94 HPs)
             Began as a Naga Fire Elementalist on Apr 10, 2022.
             Was a High Priest of Sif Muna.
             Slain by a five-headed hydra (5 damage)
             ... on level 2 of the Lair of Beasts.
             The game lasted 00:23:26 (13203 turns).

Dabor the Covert (Naga Fire Elementalist)          Turns: 13203, Time: 00:23:27

Health: -2/94      AC: 12    Str: 11    XL:     12   Next: 14%
Magic:  4/33       EV: 10    Int: 20    God:    Sif Muna [*****.]
Gold:   670        SH:  0    Dex: 18    Spells: 14/28 levels left

rFire   + . .      SeeInvis +   u - staff of fire
rCold   . . .      Faith    .   (no shield)
rNeg    . . .      Spirit   .   L - +0 steam dragon scales
rPois   +          Reflect  .   p - +1 helmet
rElec   +          Harm     .   i - +0 cloak
rCorr   .          Rampage  .   h - +2 pair of gloves
Will    +....                   (no barding)
Stlth   +++++.....              (no amulet)
HPRegen 0.25/turn               g - ring of magical power
MPRegen 0.23/turn               O - +6 ring of dexterity

@: very slow
A: AC +4, large, see invisible, deformed body, poison resistance, slowness 2,
spit poison 1, naga tail 1, frail 1, electricity resistance, wild magic 1,
MP-powered wands
a: Spit Poison, Renounce Religion, Channel Magic, Forget Spell, Divine Exegesis


You were on level 2 of the Lair of Beasts.
You worshipped Sif Muna.
Sif Muna was extremely pleased with you.
You visited 2 branches of the dungeon, and saw 10 of its levels.
You also visited: Sewer and Bailey.

You collected 670 gold pieces.

Inventory:

Hand Weapons
 n - a +5 short sword of draining
Missiles
 K - a throwing net
Armour
 h - a +2 pair of gloves (worn)
 i - a +0 cloak (worn)
 p - a +1 helmet (worn)
 L - +0 steam dragon scales (worn)
Magical Staves
 u - a staff of fire (weapon)
 J - a staff of conjuration
Jewellery
 g - a ring of magical power (left hand)
 m - a ring of protection from cold
 s - an amulet of guardian spirit
 N - a ring of positive energy
 O - a +6 ring of dexterity (right hand)
 Q - a +6 ring of strength
Wands
 w - a wand of acid (2)
 F - a wand of digging (6)
 H - a wand of flame (54)
 R - a wand of mindburst (11)
Scrolls
 a - 2 scrolls of fog {unknown}
 d - 4 scrolls of teleportation
 e - 3 scrolls of silence
 f - 2 scrolls of enchant weapon
 j - 3 scrolls of magic mapping
 v - 2 scrolls of blinking
 x - 4 scrolls of amnesia
 D - a scroll of noise
 M - a scroll of torment
 P - 3 scrolls of identify
Potions
 b - 4 potions of magic
 c - 6 potions of invisibility {unknown}
 k - 2 potions of brilliance
 q - 2 potions of berserk rage
 r - a potion of lignification
 t - 3 potions of mutation
 z - 5 potions of heal wounds
 A - 2 potions of curing {unknown}
 B - 2 potions of resistance {unknown}
 C - 2 potions of might {unknown}
 E - 4 potions of cancellation {unknown}
 G - 4 potions of flight {unknown}
 I - 2 potions of ambrosia {unknown}
Miscellaneous
 y - a piece from Xom's chessboard (10/15)


   Skills:
 - Level 6.0 Fighting
 - Level 2.0 Dodging
 + Level 10.6 Stealth
 * Level 8.6 Spellcasting
 * Level 9.2 Conjurations
 - Level 9.0 Fire Magic
 - Level 6.0 Poison Magic
 + Level 6.7 Invocations


You had 14 spell levels left.
You knew the following spells:

 Your Spells              Type           Power      Damage    Failure   Level
a - Foxfire               Conj/Fire      100%       2x1d9     1%          1
b - Scorch                Fire           100%       2d10      1%          2
c - Flame Wave            Conj/Fire      73%        2d13      3%          4
d - Olgreb's Toxic Radia  Pois           42%        N/A       11%         4
e - Mephitic Cloud        Conj/Pois/Air  37%        N/A       5%          3

Your spell library contained the following spells:

 Spells                   Type           Power      Damage    Failure   Level
 Magic Dart               Conj           100%       1d8       1%          1
 Conjure Flame            Conj/Fire      73%        6-21      1%          3
 Shock                    Conj/Air       100%       1d9       2%          1
 Sting                    Tmut/Pois      100%       1d8       4%          1
 Poisonous Vapours        Pois/Air       52%        N/A       6%          2
 Inner Flame              Hex/Fire       51%        N/A       6%          3
 Spider Form              Tmut/Pois      26%        N/A       11%         3
 Beastly Appendage        Tmut           22%        N/A       13%         1
 Slow                     Hex            44%        N/A       13%         1
 Call Imp                 Summ           11%        N/A       17%         2
 Wereblood                Tmut           11%        N/A       17%         2
 Confusing Touch          Hex            11%        N/A       32%         3
 Summon Guardian Golem    Hex/Summ       11%        N/A       32%         3
 Swiftness                Air            11%        N/A       32%         3
 Vampiric Draining        Necr           11%        2d6       32%         3
 Orb of Destruction       Conj           28%        9d9       88%         7
 Summon Forest            Summ/Tloc      5%         N/A       95%         5
 Eringya's Noxious Bog    Tmut/Pois      13%        N/A       99%         6
 Malign Gateway           Summ/Tloc      5%         N/A       100%        7
 Spellforged Servitor     Conj/Summ      17%        N/A       100%        7
 Summon Hydra             Summ           5%         N/A       100%        7
 Chain Lightning          Conj/Air       17%        3d23      100%        9


Dungeon Overview and Level Annotations

Branches:
Dungeon (8/15)             Temple (0/1) D:5            Lair (2/6) D:8
  Sewer (visited)          Bailey (visited)
  Swamp: Lair:2-4    Shoals: Lair:2-4     Snake: Lair:2-4    Spider: Lair:2-4

Altars:
Fedhas
Gozag
Makhleb
Ru
Sif Muna
Wu Jian
Xom
Yredelemnul
Beogh

Annotations:
Lair:2 exclusion: minotaur


Innate Abilities, Weirdness & Mutations

Your serpentine skin is tough. (AC +4)
You have supernaturally acute eyesight. (SInv)
Armour fits poorly on your strangely shaped body.
Your system is resistant to poisons. (rPois)
You cover ground very slowly.
You can spit poison.
You have a snake-like lower body.
You are frail. (-10% HP)
You are resistant to electric shocks. (rElec)
Your spells are a little harder to cast, but a little more powerful.
You expend magic power (3 MP) to strengthen your wands.


Message History

The flame wave engulfs the five-headed hydra!
The five-headed hydra is moderately wounded.
The flame wave engulfs the yak!!
You kill the yak!
Sif Muna accepts your kill.
The flame wave engulfs the yak!!
You kill the yak!
Sif Muna accepts your kill.
Your toxic aura wanes.
The five-headed hydra misses you.
The five-headed hydra barely misses you.
The five-headed hydra bites you.
* * * LOW HITPOINT WARNING * * *
The five-headed hydra bites you but does no damage.
The five-headed hydra barely misses you.
Training target 6.0 for Fighting reached!
Your Fighting skill increases to level 6!
A wave of flame ripples out!
The flame wave engulfs the five-headed hydra!
The five-headed hydra is heavily wounded.
The flame wave engulfs the yak!
You kill the yak!
Sif Muna accepts your kill.
You finish channelling waves of flame.
The five-headed hydra barely misses you.
The five-headed hydra bites you but does no damage. x3
The five-headed hydra barely misses you.
Casting: Flame Wave (dangerous; 3% risk of failure)
Confirm with . or Enter, or press ? or * to list all spells.
You feel a surge of power!
Flames lash the five-headed hydra.
The five-headed hydra is severely wounded.
The five-headed hydra's fire resistance burns away.
The five-headed hydra barely misses you.
The five-headed hydra bites you!
* * * LOW HITPOINT WARNING * * *
The five-headed hydra bites you!
* * * LOW HITPOINT WARNING * * *
The five-headed hydra bites you but does no damage.
The five-headed hydra bites you.
You die...

### ### #.. .... ..
....##.#### #
#....#.#..###.## #.....
#........†D@...# #..#..
........††##...###..##.##
........### ##.......^..#
.........# .#... P..##
#...#...## ##.## #.P###
#.......#
#.####.P###..#..
##...D... #...†..........
........# #.##.#########.
##..#...# #P ##.#h# #..#[


You could see a five-headed hydra (combustible).

Vanquished Creatures
  The ghost of Xebracze the Thaumaturge, a journeyman DEFE of Vehumet (Lair:2)
  Pikel (D:6)
  2 deep elf pyromancers
  Maurice (D:8)
  2 black mambas
  3 cane toads
  2 komodo dragons
  A troll (D:8)
  The ghost of ouz the Slasher, a novice VSGl (D:4)
  2 hornets
  Grinder (D:5)
  Sigmund (D:6)
  3 wyverns (D:8)
  18 yaks
  A wraith (D:7)
  2 basilisks (Lair:2)
  A steam dragon (D:7)
  Edmund (D:6)
  8 water moccasins
  5 orc warriors
  The ghost of Morbidden the Ruffian, an amateur TrFi (D:3)
  2 sky beasts
  3 ice beasts
  2 black bears
  4 wolves (Lair:2)
  2 ogres (D:7)
  5 centaurs
  4 lemures (D:6)
  3 kobold brigands
  7 bullfrogs
  5 scorpions
  2 necrophages
  2 wights (D:7)
  A killer bee (D:8)
  2 howler monkeys
  2 hounds (D:7)
  4 jellies
  A gnoll shaman (D:7)
  4 orc priests
  5 orc wizards
  3 iguanas
  7 adders
  16 gnolls
  A river rat (D:3)
  2 white imps (D:7)
  An ufetubus (D:6)
  An adder zombie (D:3)
  6 worms
  3 dart slugs
  62 orcs
  23 ball pythons
  14 endoplasms
  9 giant cockroaches
  11 goblins
  7 hobgoblins
  6 jackals
  12 quokkas
  5 bats
  8 frilled lizards
  A giant cockroach zombie (D:3)
  15 kobolds
  10 rats
341 creatures vanquished.

Vanquished Creatures (collateral kills)
  10 foxfires
10 creatures vanquished.

Vanquished Creatures (others)
  249 foxfires
  14 fungi
  94 plants
357 creatures vanquished.

Grand Total: 708 creatures vanquished

Notes
Turn   | Place    | Note
-------+----------+-------------------------------------------
     0 | D:1      | Dabor the Naga Fire Elementalist began the quest for the
                  | Orb.
     0 | D:1      | Reached XP level 1. HP: 15/15 MP: 3/3
   138 | D:1      | Reached XP level 2. HP: 9/22 MP: 1/5
   420 | D:1      | Learned a level 2 spell: Scorch
   992 | D:1      | Reached XP level 3. HP: 28/28 MP: 6/6
  2224 | D:2      | Reached XP level 4. HP: 36/36 MP: 7/7
  2274 | D:2      | Found a faded altar of an unknown god.
  2454 | D:3      | Found a shimmering blue altar of Sif Muna.
  2481 | D:3      | Became a worshipper of Sif Muna the Loreminder
  2497 | D:3      | Reached skill level 4 in Stealth
  2582 | D:3      | Found a runed translucent gate.
  2582 | D:3      | Found a runed translucent gate.
  2582 | D:3      | Found a runed translucent gate.
  2582 | D:3      | Noticed Morbidden's ghost (amateur TrFi)
  2584 | D:3      | Found a basalt altar of Yredelemnul.
  2755 | D:3      | Reached XP level 5. HP: 43/43 MP: 9/9
  2787 | D:3      | Found a glowing drain.
  2794 | Sewer    | Entered a sewer
  2892 | Sewer    | Reached * piety under Sif Muna
  3088 | Sewer    | Reached skill level 1 in Invocations
  3362 | Sewer    | Reached ** piety under Sif Muna
  3366 | Sewer    | Reached skill level 1 in Fighting
  3366 | Sewer    | Reached XP level 6. HP: 40/51 MP: 9/10
  3376 | Sewer    | Learned a level 4 spell: Flame Wave
  3897 | D:3      | Killed Morbidden's ghost
  3898 | D:3      | Reached skill level 5 in Stealth
  3898 | D:3      | Reached XP level 7. HP: 45/57 MP: 12/12
  4413 | D:4      | Learned a level 4 spell: Olgreb's Toxic Radiance
  4659 | D:4      | Found a runed translucent door.
  4660 | D:4      | Noticed ouz's ghost (novice VSGl)
  5021 | D:4      | Killed ouz's ghost
  5022 | D:4      | Reached skill level 1 in Poison Magic
  5109 | D:5      | Entered Level 5 of the Dungeon
  5128 | D:5      | Found a staircase to the Ecumenical Temple.
  5189 | D:5      | Reached XP level 8. HP: 55/67 MP: 14/14
  5874 | D:5      | Reached skill level 5 in Fire Magic
  5938 | D:5      | Noticed Grinder
  5946 | D:5      | Killed Grinder
  5947 | D:5      | Reached skill level 6 in Stealth
  6341 | D:6      | Found a shimmering altar of Xom.
  6345 | D:6      | Found a blossoming altar of Fedhas.
  6355 | D:6      | Noticed Edmund
  6359 | D:6      | Noticed Sigmund
  6367 | D:6      | Killed Sigmund
  6368 | D:6      | Killed Edmund
  6498 | D:6      | Found an ornate altar of the Wu Jian Council.
  6511 | D:6      | Reached *** piety under Sif Muna
  6747 | D:6      | Noticed Pikel
  6754 | D:6      | Killed Pikel
  6755 | D:6      | Reached skill level 5 in Spellcasting
  6755 | D:6      | Reached skill level 5 in Conjurations
  6755 | D:6      | Reached XP level 9. HP: 70/75 MP: 9/16
  6764 | D:6      | Reached skill level 5 in Poison Magic
  6884 | D:6      | Reached skill level 7 in Stealth
  7162 | D:6      | Found a burning altar of Makhleb.
  8094 | D:7      | Reached XP level 10. HP: 73/84 MP: 18/18
  8211 | D:7      | Reached **** piety under Sif Muna
  8419 | D:7      | Noticed a deep elf pyromancer
  8427 | D:7      | Killed a deep elf pyromancer
  8428 | D:7      | Reached skill level 8 in Stealth
  8439 | D:7      | Identified the +2 pair of boots of Weightlessness {rF+
                  | Str+2 Int-4 Stlth+}
  8464 | D:7      | Gained mutation: You are frail. (-10% HP) [potion of
                  | mutation]
  8464 | D:7      | Gained mutation: You are partially covered in iridescent
                  | scales. (AC +2) [potion of mutation]
  8465 | D:7      | Lost mutation: You are frail. (-10% HP) [potion of
                  | mutation]
  8465 | D:7      | Lost mutation: You are partially covered in iridescent
                  | scales. (AC +2) [potion of mutation]
  8465 | D:7      | Gained mutation: Your spells are a little harder to cast,
                  | but a little more powerful. [potion of mutation]
  8465 | D:7      | Gained mutation: You expend magic power (3 MP) to
                  | strengthen your wands. [potion of mutation]
  8465 | D:7      | Gained mutation: You are frail. (-10% HP) [potion of
                  | mutation]
  8465 | D:7      | Gained mutation: You are resistant to electric shocks.
                  | (rElec) [potion of mutation]
  8982 | D:7      | Found an opulent altar of Gozag.
  9178 | D:8      | Reached skill level 5 in Invocations
  9254 | D:8      | Noticed Maurice
  9258 | D:8      | Killed Maurice
  9259 | D:8      | Reached skill level 9 in Stealth
  9259 | D:8      | Reached XP level 11. HP: 56/83 MP: 19/21
  9286 | D:8      | Found a flagged portal.
  9297 | Bailey   | Entered a bailey
 10162 | D:8      | Found a sacrificial altar of Ru.
 10458 | D:8      | Found a staircase to the Lair.
 10654 | D:8      | Reached skill level 5 in Fighting
 10725 | D:8      | Reached ***** piety under Sif Muna
 10725 | D:8      | Received a gift from Sif Muna
 10744 | D:8      | Got Sif Muna's Incunabulum of the Compass and Lightness
                  | {god gift}
 10964 | D:8      | Noticed a deep elf pyromancer
 10968 | D:8      | Killed a deep elf pyromancer
 11131 | D:8      | Learned a level 3 spell: Mephitic Cloud
 11356 | Lair:1   | Entered Level 1 of the Lair of Beasts
 12342 | Lair:2   | Reached skill level 10 in Stealth
 12550 | Lair:2   | Noticed a minotaur
 12551 | Lair:2   | Noticed Xebracze's ghost (journeyman DEFE)
 12590 | Lair:2   | Found a runed translucent gate.
 12590 | Lair:2   | Found a runed translucent gate.
 12590 | Lair:2   | Found a runed translucent gate.
 12610 | Lair:2   | Killed Xebracze's ghost
 12874 | Lair:2   | Reached XP level 12. HP: 52/93 MP: 6/24
 13186 | Lair:2   | Noticed a five-headed hydra
 13203 | Lair:2   | HP: 3/94 [five-headed hydra (9)]
 13203 | Lair:2   | Slain by a five-headed hydra

Illustrated notes

Levels and vault maps discovered:
D:1:      dpeg_arrival_arbitrary_c, layout_loops_cross, serial_bayou,
          serial_bayou_pond_a, serial_bayou_pond_e, serial_bayou_ford_a,
          serial_bayou_lagoon_a
D:2:      layout_basic, chequers_ecumenical_altar_island, serial_bayou,
          serial_bayou_lake_a, serial_bayou_pond_e, serial_bayou_crossing,
          serial_bayou_lagoon_b, serial_bayou_pond_d, serial_bayou_shore_a
D:3:      layout_loops_cross, mainiacjoe_overflow_24_doors,
          nicolae_yredelemnul_ghost_church, lightli_sewer_entry_pipes
D:4:      layout_loops_ring, ebering_ghost_reflecting_pool
D:5:      dreamdust_elfheim, layout_cave_pods, minmay_temple_entry_arrows,
          uniq_grinder
D:6:      layout_basic, lemuel_tele_altar, nicolae_wu_jian_wuxing_cycle,
          chequers_temple_overflow_statue_of_worship, uniq_edmund, uniq_sigmund,
          uniq_pikel
D:7:      kennysheep_windowed_halls, layout_loops_cross, marbit_many_paths,
          kennysheep_generic_room_6
D:8:      layout_loops_cross, mainiacjoe_overflow_small_starburst,
          minmay_lair_entry_grove, enter_bailey_4, special_room
          [special_room_orc], guppyfry_early_elven_hall, uniq_maurice
Lair:1:   layout_big_grid
Lair:2:   layout_loops_ring, maelrawn_ghost_gauntlet_escape

Skill      XL: |  1  2  3  4  5  6  7  8  9 10 11 12 |
---------------+-------------------------------------+-----
Dodging        | 2 |  2.0
Stealth        | 4 5 6 7 9 10 | 10.6
Conjurations   | 2 3 4 5 6 7 8 9 |  9.2
Invocations    | 1 2 3 4 5 6 |  6.7
Spellcasting   | 3 4 5 7 8 |  8.6
Fighting       | 1 2 3 4 5 6 |  6.0
Fire Magic     | 4 6 8 9 |  9.0
Poison Magic   | 2 4 6 |  6.0

Action                   |  1- 3 |  4- 6 |  7- 9 | 10-12 || total
-------------------------+-------+-------+-------+-------++-------
Melee: Unarmed           |    28 |     3 |       |       ||    31
       Staff             |       |    28 |    14 |    33 ||    75
 Cast: Foxfire           |    56 |     4 |    25 |    70 ||   155
       Scorch            |    32 |    96 |    98 |   129 ||   355
       Flame Wave        |       |     1 |     4 |    18 ||    23
       Olgreb's Toxic Ra |       |       |     3 |    36 ||    39
       Mephitic Cloud    |       |       |       |     6 ||     6
Invok: Channel Magic     |       |       |       |     3 ||     3
 Abil: Spit Poison       |     1 |     2 |     1 |     3 ||     7
Evoke: Piece from Xom's  |       |       |       |     5 ||     5
  Use: Scroll            |       |     4 |       |    21 ||    25
       Potion            |       |       |       |    11 ||    11
 Stab: Sleeping          |       |     2 |       |       ||     2
       Distracted        |       |     1 |       |       ||     1
Armor: Robe              |    11 |    53 |    18 |       ||    82
       Steam dragon scal |       |       |     1 |    62 ||    63
Dodge: Dodged            |    29 |    60 |    46 |    87 ||   222

Table legend: (Time is in decaauts)
 A = Elapsed time spent in this place.
 B = Non-inter-level travel time spent in this place.
 C = Inter-level travel time spent in this place.
 D = Time resting spent in this place.
 E = Time spent auto-exploring this place.
 F = Levels seen in this place.
 G = Mean time per level.
                   A        B        C        D        E       F      G
               +--------+--------+--------+--------+--------+-----+--------+
         Total |  16147 |  15377 |    770 |   1394 |  11197 |  12 | 1345.6 |
       Dungeon |  12321 |  11588 |    733 |    785 |   8738 |   8 | 1540.1 |
          Lair |   2115 |   2079 |     36 |    430 |   1338 |   2 | 1057.5 |
         Sewer |    830 |    830 |      0 |      0 |    556 |   1 |  830.0 |
        Bailey |    880 |    880 |      0 |    178 |    564 |   1 |  880.0 |
               +--------+--------+--------+--------+--------+-----+--------+

Top non-repeatable levels by time:
     D:7: 2169 daAuts
     D:8: 1753 daAuts
     D:5: 1541 daAuts
     D:3: 1533 daAuts
     D:1: 1530 daAuts
     D:2: 1445 daAuts
     D:6: 1219 daAuts
  Lair:1: 1160 daAuts
     D:4: 1126 daAuts
  Lair:2: 954 daAuts
  Bailey: 880 daAuts
   Sewer: 830 daAuts
